 Dungeon Crawl Stone Soup version 0.30.1-4-g462c640d31 (webtiles) character file.

Game seed: 6105042794338079839

109 flappity the Shooter (level 5, -3/31 HPs)
             Began as a Kobold Hexslinger on Aug 16, 2023.
             Killed by nerve-wracking pain
             ... invoked by Grinder
              (14 damage)
             ... on level 3 of the Dungeon.
             The game lasted 00:11:44 (2730 turns).

flappity the Shooter (Kobold Hexslinger)            Turns: 2730, Time: 00:11:44

Health: -3/31      AC:  4    Str:  8    XL:     5   Next: 13%
Magic:  8/8        EV: 15    Int: 14    God:
Gold:   156        SH:  0    Dex: 17    Spells: 7/8 levels left

rFire   . . .        b - +0 war axe
rCold   . . .        (no shield)
rNeg    . . .        k - +0 leather armour
rPois   .            (no helmet)
rElec   .            d - +0 cloak
rCorr   .            (no gloves)
SInv    .            (no boots)
Will    .....        (no amulet)
Stlth   ++           (no ring)
HPRegen 0.25/turn    (no ring)
MPRegen 0.11/turn

%: no passive effects
@: no status effects
A: small, no large weapons, nightstalker 3
a: no special abilities


You were on level 3 of the Dungeon.
You visited 1 branch of the dungeon, and saw 3 of its levels.

You collected 156 gold pieces.


Innate Abilities, Weirdness & Mutations

You are small and have problems with some larger weapons.
You are completely attuned to the shadows.


   Skills:
 + Level 2.3 Fighting
 + Level 3.7 Ranged Weapons
 + Level 3.3 Dodging
 + Level 2.1 Spellcasting
 + Level 3.5 Hexes


You had 7 spell levels left.
You knew the following spells:

 Your Spells              Type           Power      Damage    Failure   Level
s - Slow                  Hex            44%        N/A       8%          1

Your spell library contained the following spells:

 Spells                   Type           Power      Damage    Failure   Level
 Beastly Appendage        Tmut           2%         N/A       34%         1
 Sandblast                Erth           2%         2d4       34%         1
 Passwall                 Tmut/Erth      0%         N/A       45%         2
 Wereblood                Tmut           1%         N/A       45%         2
 Inner Flame              Hex/Fire       6%         N/A       45%         3
 Portal Projectile        Hex/Tloc       12%        N/A       45%         3
 Cause Fear               Hex            5%         N/A       61%         4
 Spider Form              Tmut/Pois      1%         N/A       71%         3
 Stone Arrow              Conj/Erth      2%         3d7       71%         3

Inventory:

Hand Weapons
 a - a +1 sling
 b - a +0 war axe (weapon)
 h - a +0 club
 i - a +0 spear
 j - a +0 dagger
Armour
 c - a +0 robe
 d - a +0 cloak (worn)
 k - a +0 leather armour (worn)
Jewellery
 g - a ring of ice
Scrolls
 e - 2 scrolls of poison
 l - 2 scrolls of teleportation {unknown}
Potions
 m - a potion of flight {unknown}


Message History

m - a bubbling sapphire potion
There is a stone staircase leading down here.
A bat comes into view.
You shoot a sling bullet. The sling bullet hits the bat!
You kill the bat!
Found an escape hatch in the floor.
e - 2 scrolls of poison (gained 1)
You see here a bat corpse.
Grinder comes into view.
Cast which spell? (? or * to list)
Aiming: Slow (safe; 8% risk of failure)
Press: ? - help, Shift-Dir - straight line, f - Grinder
Aim: Grinder (asleep, chance to affect: 45%) Grinder shouts!
Grinder seems to slow down.
Grinder gestures at you.
You barely resist. You shoot a sling bullet.
The sling bullet barely misses Grinder.
A rat comes into view.
You shoot a sling bullet. The sling bullet hits Grinder.
Grinder is lightly wounded.
You shoot a sling bullet. The sling bullet hits the rat.
The rat is severely wounded.
The rat bites you but does no damage.
You shoot a sling bullet. The sling bullet barely misses the rat.
The rat barely misses you. Grinder hits you!
You writhe in agony.
The rat bites you but does no damage.
You take 12 damage.
b - a +0 war axe (weapon)
You hit Grinder.
Grinder is moderately wounded.
You barely miss the rat. The rat bites you. Grinder barely misses you.
The rat bites you.
You take 2 damage.
You closely miss Grinder.
Grinder is lightly wounded.
You hit the rat but do no damage.
Grinder is no longer moving slowly.
Grinder barely misses you. The rat closely misses you.
You barely miss Grinder.
Grinder is lightly wounded.
You hit the rat.
You kill the rat!
Grinder drinks a potion.
Grinder seems to grow stronger.
Grinder gestures at you. Pain shoots through your body!
You take 13 damage.
You feel better. Grinder gestures at you. Pain shoots through your body!
You die...

▒∙▒▒▒▒∙∙∙∙∙∙∙▒ ▒▒∙∙∙▒▒∙ ▒∙▒
▒▒▒▒▒▒▒∙▒ ▒▒∙∙∙∙∙∙∙ ▒▒▒▒▒∙▒ ▒∙▒
▒∙∙∙∙∙∙∙∙
∙∙∙∙∙∙▒▒▒▒▒▒▒▒▒▒∙▒▒▒▒▒▒▒▒∙∙∙∙∙∙∙∙
∙∙∙∙∙▒▒∙∙∙∙∙∙∙∙∙∙∙∙∙∙∙∙∙∙∙∙∙∙%∙∙∙
∙∙∙>∙∙∙∙▒▒▒▒▒▒▒▒∙▒▒▒▒▒▒▒▒▒∙∙∙∙∙>∙
∙∙∙∙∙▒▒▒▒ ▒∙ ▒∙▒ ▒▒∙∙∙▒▒∙
∙∙∙∙∙∙∙∙▒▒ ▒∙∙▒∙▒▒ ▒▒▒▒▒▒▒
▒∙▒▒▒▒▒>∙▒▒ ▒∙5K∙▒ ▒∙▒▒
▒▒∙∙▒▒▒▒∙∙∙∙∙▒
▒∙#▒▒▒▒▒▒∙∙∙▒▒▒∙$▒∙▒
∙∙∙∙∙∙▒▒▒▒▒∙▒ ▒∙∙∙∙∙∙ ≈#≈≈∙∙∙▒


∙∙∙∙∙∙∙ ▒▒ ∙∙∙≈∙∙∙▒ ▒▒ ♣♣∙≈∙∙∙▒ ∙♣∙∙∙∙▒▒ ∙♣###∙▒ You could see Grinder (strong).

Vanquished Creatures
  4 adders
  3 dart slugs
  An orc (D:3)
  3 endoplasms
  A giant cockroach (D:2)
  8 goblins
  9 hobgoblins
  8 jackals
  2 kobolds (D:1)
  A quokka (D:3)
  6 ball pythons
  9 bats
  5 frilled lizards
  A rat (D:3)
  A spectral kobold (D:2)
62 creatures vanquished.

Notes
Turn   | Place    | Note
-------+----------+-------------------------------------------
     0 | D:1      | flappity the Kobold Hexslinger began the quest for the Orb.
     0 | D:1      | Reached XP level 1. HP: 12/12 MP: 2/2
   194 | D:1      | Reached XP level 2. HP: 15/16 MP: 3/3
   335 | D:1      | Reached skill level 3 in Ranged Weapons
   532 | D:1      | Reached XP level 3. HP: 20/20 MP: 5/5
  1056 | D:2      | Reached skill level 3 in Dodging
  1183 | D:2      | Reached skill level 2 in Fighting
  1183 | D:2      | Reached XP level 4. HP: 18/26 MP: 4/6
  1353 | D:2      | Found a faded altar of an unknown god.
  1636 | D:2      | Reached skill level 2 in Spellcasting
  2400 | D:3      | Reached XP level 5. HP: 24/31 MP: 5/8
  2591 | D:3      | Found a glowing golden altar of the Shining One.
  2720 | D:3      | Noticed Grinder
  2729 | D:3      | HP: 4/31 [Grinder/nerve-wracking pain (14)]
  2730 | D:3      | Killed from afar by Grinder

Levels and vault maps discovered:
D:1:      dpeg_arrival_windows_large_door, layout_loops_ring,
          minmay_misc_feat_five, fountainhead, nicolae_kite_square_tiling_tiny
D:2:      layout_basic, dreamdust_ecumenical_altar_drowned_temple,
          serial_forest, infiniplex_forest_clump_long,
          infiniplex_forest_clump_small, infiniplex_forest_clump_large,
          infiniplex_forest_clump_tiny, infiniplex_forest_lined_room_,
          infiniplex_forest_clump_curved
D:3:      layout_rooms, mainiacjoe_overflow_brackets, chequers_garden,
          uniq_grinder

Action                     |  1- 3 |  4- 6 || total
---------------------------+-------+-------++-------
  Melee: Club              |     7 |       ||     7
         Dagger            |     1 |       ||     1
         War axe           |       |     9 ||     9
   Fire: Sling             |    94 |    87 ||   181
   Cast: Slow              |     9 |    10 ||    19
    Use: Scroll            |     3 |       ||     3
         Potion            |       |     1 ||     1
 Armour: Robe              |     5 |     6 ||    11
         Leather armour    |       |     3 ||     3
         Skin              |       |     1 ||     1
  Dodge: Dodged            |    49 |    49 ||    98
